SL
HOLLYWOOD SHREDDERS @ ST. LOUIS COEUR
09/02/2038
 
TOP OF THE 1ST
Hollywood Shredders batting - Pitching for St. Louis Coeur : RHP Alberto Álvarez
Pitching: RHP Alberto Álvarez
Batting: LHB Chris Payling 0-0: Foul Ball, location: 2F
0-1: Ground out U3 (Groundball, 3, EV 83.1 MPH)
Batting: LHB Scott Kerin 0-0: Foul Ball, location: 2F
0-1: Swinging Strike
0-2: Ball
1-2: Ball
2-2: Ground out 6-3 (Groundball, 6, EV 110.6 MPH)
Batting: RHB Baldomero Avino 0-0: Foul Ball, location: 2F
0-1: Swinging Strike
0-2: Ground out 6-3 (Groundball, 6, EV 106.9 MPH)
Top of the 1st over - 0 runs, 0 hits, 0 errors, 0 left on base; Hollywood 0 - St. Louis 0
BOTTOM OF THE 1ST
St. Louis Coeur batting - Pitching for Hollywood Shredders : RHP Esteban Rodríguez
Pitching: RHP Esteban Rodríguez
Batting: RHB Nobuhisa Murakami 0-0: Ball
1-0: Ground out 6-3 (Groundball, 6, EV 79.4 MPH)
Batting: RHB Joe Mueller 0-0: Ball
1-0: Ball
2-0: Ground out 4-3 (Groundball, 4, EV 100.6 MPH)
Batting: LHB Qing-nian Zexian 0-0: Ball
1-0: Called Strike
1-1: Foul Ball, location: 2F
1-2: Ground out 6-3 (Groundball, 6, EV 93.1 MPH)
Bottom of the 1st over - 0 runs, 0 hits, 0 errors, 0 left on base; Hollywood 0 - St. Louis 0
TOP OF THE 2ND
Hollywood Shredders batting - Pitching for St. Louis Coeur : RHP Alberto Álvarez
Batting: LHB Kanko Umaba 0-0: Ball
1-0: Called Strike
1-1: Foul Ball, location: 2F
1-2: Ball
2-2: Strikes out swinging
Batting: RHB James Hemwick 0-0: Ball
1-0: Fly out, F4 (Line Drive, 4, EV 66.2 MPH)
Batting: LHB Divine Diablo 0-0: Swinging Strike
0-1: Foul Ball, location: 2F
0-2: Ball
1-2: Strikes out swinging
Top of the 2nd over - 0 runs, 0 hits, 0 errors, 0 left on base; Hollywood 0 - St. Louis 0
BOTTOM OF THE 2ND
St. Louis Coeur batting - Pitching for Hollywood Shredders : RHP Esteban Rodríguez
Batting: LHB Dean Jackson 0-0: Fly out, F8 (Flyball, 8RM, EV 90.0 MPH)
Batting: RHB Rod Shortall 0-0: Ball
1-0: Swinging Strike
1-1: Ball
2-1: Foul Ball, location: 2F
2-2: Ground out 5-3 (Groundball, 56S, EV 91.9 MPH)
Batting: RHB José Santos 0-0: Foul Ball, location: 2F
0-1: SINGLE (Groundball, 6, EV 107.5 MPH) (infield hit)
Batting: RHB Eugene Bennett 0-0: Called Strike
0-1: Foul Ball, location: 2F
0-2: Ball
1-2: Ball
2-2: Ball
3-2: Ground out 5-3 (Groundball, 5L, EV 83.8 MPH)
Bottom of the 2nd over - 0 runs, 1 hit, 0 errors, 1 left on base; Hollywood 0 - St. Louis 0
TOP OF THE 3RD
Hollywood Shredders batting - Pitching for St. Louis Coeur : RHP Alberto Álvarez
Batting: RHB Guillermo Coss 0-0: Fly out, F8 (Flyball, 8LD, EV 101.2 MPH)
Batting: SHB Alexei Ponikarov 0-0: Swinging Strike
0-1: Swinging Strike
0-2: Strikes out looking
Batting: RHB Takeshi Kovacs 0-0: Called Strike
0-1: Ground out 5-3 (Groundball, 56, EV 108.1 MPH)
Top of the 3rd over - 0 runs, 0 hits, 0 errors, 0 left on base; Hollywood 0 - St. Louis 0
BOTTOM OF THE 3RD
St. Louis Coeur batting - Pitching for Hollywood Shredders : RHP Esteban Rodríguez
Batting: RHB Jaime Soto 0-0: Called Strike
0-1: Ball
1-1: Ball
2-1: Ground out 6-3 (Groundball, 6S, EV 60.6 MPH)
Batting: LHB Aurelius Estrada 0-0: Ball
1-0: Ball
2-0: SINGLE (Line Drive, 6MD, EV 100.6 MPH)
Batting: RHB Nobuhisa Murakami 0-0: Called Strike
0-1: Ball
1-1: Fly out, F8 (Flyball, 89D, EV 91.9 MPH)
Batting: RHB Joe Mueller 0-0: Ball
1-0: Ball
2-0: Fly out, F9 (Flyball, 9S, EV 93.8 MPH)
Bottom of the 3rd over - 0 runs, 1 hit, 0 errors, 1 left on base; Hollywood 0 - St. Louis 0
TOP OF THE 4TH
Hollywood Shredders batting - Pitching for St. Louis Coeur : RHP Alberto Álvarez
Batting: LHB Chris Payling 0-0: Ball
1-0: Foul Ball, location: 2F
1-1: Swinging Strike
1-2: Strikes out swinging
Batting: LHB Scott Kerin 0-0: Called Strike
0-1: Swinging Strike
0-2: Strikes out swinging
Batting: RHB Baldomero Avino 0-0: Ball
1-0: Called Strike
1-1: Ball
2-1: Foul Ball, location: 2F
2-2: Ball
3-2: Fly out, F9 (Flyball, 9D, EV 96.9 MPH)
Top of the 4th over - 0 runs, 0 hits, 0 errors, 0 left on base; Hollywood 0 - St. Louis 0
BOTTOM OF THE 4TH
St. Louis Coeur batting - Pitching for Hollywood Shredders : RHP Esteban Rodríguez
Batting: LHB Qing-nian Zexian 0-0: Called Strike
0-1: SOLO HOME RUN (Flyball, 8LXD, EV 89.4 MPH), Distance : 443 ft
Batting: LHB Dean Jackson 0-0: Ball
1-0: Foul Ball, location: 2F
1-1: Foul Ball, location: 2F
1-2: Fly out, F9 (Flyball, 9S, EV 87.5 MPH)
Batting: RHB Rod Shortall 0-0: Foul Ball, location: 2F
0-1: Foul Ball, location: 2F
0-2: Ball
1-2: Hit by Pitch
Batting: RHB José Santos 0-0: DOUBLE (Line Drive, 7LS, EV 94.4 MPH)
Rod Shortall to third
Batting: RHB Eugene Bennett 0-0: Ball
1-0: Ball
2-0: Fly out, F9 (Flyball, 9, EV 81.9 MPH)
Batting: RHB Jaime Soto 0-0: Ball
1-0: Swinging Strike
1-1: Ball
2-1: Ball
3-1: Swinging Strike
3-2: Strikes out swinging
Bottom of the 4th over - 1 run, 2 hits, 0 errors, 2 left on base; Hollywood 0 - St. Louis 1
TOP OF THE 5TH
Hollywood Shredders batting - Pitching for St. Louis Coeur : RHP Alberto Álvarez
Batting: LHB Kanko Umaba 0-0: Called Strike
0-1: Swinging Strike
0-2: Ball
1-2: SINGLE (Groundball, 4MD, EV 98.8 MPH)
Batting: RHB James Hemwick 0-0: Ball
1-0: Ball
2-0: Ball
3-0: Called Strike
3-1: Foul Ball, location: 2F
3-2: Base on Balls
Kanko Umaba to second
Batting: LHB Divine Diablo 0-0: Called Strike
0-1: Ball
1-1: Ball
2-1: Foul Ball, location: 2F
2-2: Fly out, F9 (Line Drive, 9, EV 101.2 MPH)
Batting: RHB Guillermo Coss 0-0: Foul Ball, location: 2F
0-1: Ball
1-1: Ball
2-1: Foul Ball, location: 2F
2-2: Reached on error, E4 (Groundball, 4, EV 83.1 MPH)
Kanko Umaba to third
James Hemwick to second
Batting: SHB Alexei Ponikarov 0-0: Called Strike
0-1: Swinging Strike
0-2: Ball
1-2: Ball
2-2: Strikes out swinging
Batting: RHB Takeshi Kovacs 0-0: Ball
1-0: Called Strike
1-1: Ball
2-1: Foul Ball, location: 2F
2-2: Foul Ball, location: 2F
2-2: Strikes out swinging
Top of the 5th over - 0 runs, 1 hit, 1 error, 3 left on base; Hollywood 0 - St. Louis 1
BOTTOM OF THE 5TH
St. Louis Coeur batting - Pitching for Hollywood Shredders : RHP Esteban Rodríguez
Batting: LHB Aurelius Estrada 0-0: SINGLE (Line Drive, 6D, EV 96.9 MPH)
Batting: RHB Nobuhisa Murakami 0-0: Foul Ball, location: 2F
0-1: Sac Bunt to P - play at first, batter OUT! 1-3
Aurelius Estrada to second
Batting: RHB Joe Mueller 0-0: Swinging Strike
0-1: Ball
1-1: Fly out, F9 (Line Drive, 9, EV 98.8 MPH)
Batting: LHB Qing-nian Zexian 0-0: Called Strike
0-1: Foul Ball, location: 2F
0-2: Ball
1-2: Ball
2-2: Ball
3-2: Fly out, F8 (Line Drive, 8RM, EV 91.9 MPH)
Bottom of the 5th over - 0 runs, 1 hit, 0 errors, 1 left on base; Hollywood 0 - St. Louis 1
TOP OF THE 6TH
Hollywood Shredders batting - Pitching for St. Louis Coeur : RHP Alberto Álvarez
Batting: LHB Chris Payling 0-0: Fly out, F2 (Popup, 25F, EV 83.1 MPH)
Batting: LHB Scott Kerin 0-0: Foul Ball, location: 2F
0-1: Ball
1-1: Foul Ball, location: 2F
1-2: Ball
2-2: Ball
3-2: Base on Balls
Batting: RHB Baldomero Avino 0-0: Ball
1-0: 2-RUN HOME RUN (Flyball, 7D, EV 94.4 MPH), Distance : 392 ft
Batting: LHB Kanko Umaba 0-0: Foul Ball, location: 2F
0-1: Called Strike
0-2: Ground out 4-3 (Groundball, 4, EV 101.2 MPH)
Batting: RHB James Hemwick 0-0: Ball
1-0: Foul Ball, location: 2F
1-1: Foul Ball, location: 2F
1-2: Ball
2-2: Strikes out swinging
Top of the 6th over - 2 runs, 1 hit, 0 errors, 0 left on base; Hollywood 2 - St. Louis 1
BOTTOM OF THE 6TH
St. Louis Coeur batting - Pitching for Hollywood Shredders : RHP Esteban Rodríguez
Batting: LHB Dean Jackson 0-0: Ground out 4-3 (Groundball, 34, EV 95.6 MPH)
Batting: RHB Rod Shortall 0-0: Ball
1-0: DOUBLE (Line Drive, 78XD, EV 96.9 MPH)
Batting: RHB José Santos 0-0: Ground out 6-3 (Groundball, 56, EV 106.2 MPH)
Batting: RHB Eugene Bennett 0-0: Called Strike
0-1: Ball
1-1: Foul Ball, location: 2F
1-2: DOUBLE (Flyball, 89XD, EV 98.1 MPH)
Rod Shortall scores
Batting: RHB Jaime Soto 0-0: Ball
1-0: Fly out, F9 (Flyball, 9LSF, EV 95.6 MPH)
Bottom of the 6th over - 1 run, 2 hits, 0 errors, 1 left on base; Hollywood 2 - St. Louis 2
TOP OF THE 7TH
Hollywood Shredders batting - Pitching for St. Louis Coeur : RHP Alberto Álvarez
Batting: LHB Divine Diablo 0-0: Ball
1-0: SOLO HOME RUN (Flyball, 8RXD, EV 91.2 MPH), Distance : 454 ft
Pitching: RHP Alfonso Caballero
Batting: RHB Guillermo Coss 0-0: Foul Ball, location: 2F
0-1: Ball
1-1: Called Strike
1-2: Foul Ball, location: 2F
1-2: Strikes out swinging
Batting: SHB Alexei Ponikarov 0-0: Called Strike
0-1: Swinging Strike
0-2: Strikes out looking
Batting: RHB Takeshi Kovacs 0-0: Ball
1-0: Called Strike
1-1: Ball
2-1: Foul Ball, location: 2F
2-2: Ball
3-2: Base on Balls
Batting: LHB Chris Payling 0-0: Called Strike
Takeshi Kovacs is caught stealing 2nd base 2-6
Top of the 7th over - 1 run, 1 hit, 0 errors, 0 left on base; Hollywood 3 - St. Louis 2
BOTTOM OF THE 7TH
St. Louis Coeur batting - Pitching for Hollywood Shredders : RHP Esteban Rodríguez
Batting: LHB Aurelius Estrada 0-0: Ball
1-0: Swinging Strike
1-1: Called Strike
1-2: Ball
2-2: Foul Ball, location: 2F
2-2: Foul Ball, location: 2F
2-2: SINGLE (Groundball, 4S, EV 84.4 MPH) (infield hit)
Batting: RHB Nobuhisa Murakami 0-0: Ball
1-0: Sac Bunt to 15 - play at second, runner OUT! 1-6
Batting: RHB Joe Mueller 0-0: Ball
1-0: Ball
2-0: Foul Ball, location: 2F
2-1: Foul Ball, location: 2F
2-2: Fielders Choice at 2nd, 6-4 (Groundball, 6, EV 105.6 MPH)
Batting: LHB Qing-nian Zexian 0-0: Foul Ball, location: 2F
0-1: Hit by Pitch
Joe Mueller to second
Batting: LHB Dean Jackson 0-0: Foul Ball, location: 2F
0-1: Ball
1-1: Called Strike
1-2: Strikes out swinging
Bottom of the 7th over - 0 runs, 1 hit, 0 errors, 2 left on base; Hollywood 3 - St. Louis 2
TOP OF THE 8TH
Hollywood Shredders batting - Pitching for St. Louis Coeur : RHP Alfonso Caballero
Pitching: LHP James Callendar
Batting: LHB Chris Payling 0-0: Foul Ball, location: 2F
0-1: Ball
1-1: Swinging Strike
1-2: Ball
2-2: Strikes out swinging
Batting: LHB Scott Kerin 0-0: Swinging Strike
0-1: Ball
1-1: Fly out, F5 (Popup, 5F, EV 77.5 MPH)
Batting: RHB Baldomero Avino 0-0: Foul Ball, location: 2F
0-1: Ball
1-1: Ball
2-1: Ground out 6-3 (Groundball, 6, EV 81.9 MPH)
Top of the 8th over - 0 runs, 0 hits, 0 errors, 0 left on base; Hollywood 3 - St. Louis 2
BOTTOM OF THE 8TH
St. Louis Coeur batting - Pitching for Hollywood Shredders : RHP Esteban Rodríguez
Batting: RHB Rod Shortall 0-0: Ball
1-0: Ball
2-0: Foul Ball, location: 2F
2-1: Foul Ball, location: 2F
2-2: Strikes out swinging
Pitching: RHP Mark Valle
Batting: RHB José Santos 0-0: Called Strike
0-1: Foul Ball, location: 2F
0-2: Ground out 6-3 (Groundball, 56S, EV 90.6 MPH)
Batting: RHB Eugene Bennett 0-0: Ball
1-0: Called Strike
1-1: SINGLE (Line Drive, 9LS, EV 101.9 MPH)
Batting: RHB Jaime Soto 0-0: Ball
1-0: Foul Ball, location: 2F
1-1: Ball
2-1: Ball
3-1: Foul Ball, location: 2F
3-2: Ground out 6-3 (Groundball, 6, EV 86.2 MPH)
Bottom of the 8th over - 0 runs, 1 hit, 0 errors, 1 left on base; Hollywood 3 - St. Louis 2
TOP OF THE 9TH
Hollywood Shredders batting - Pitching for St. Louis Coeur : LHP James Callendar
Batting: LHB Kanko Umaba 0-0: Called Strike
0-1: Foul Ball, location: 2F
0-2: Ball
1-2: Strikes out looking
Batting: RHB James Hemwick 0-0: Swinging Strike
0-1: Ground out 4-3 (Groundball, 4S, EV 83.1 MPH)
Batting: LHB Divine Diablo 0-0: Ground out 4-3 (Groundball, 4S, EV 86.9 MPH)
Top of the 9th over - 0 runs, 0 hits, 0 errors, 0 left on base; Hollywood 3 - St. Louis 2
BOTTOM OF THE 9TH
St. Louis Coeur batting - Pitching for Hollywood Shredders : RHP Mark Valle
Pitching: RHP Yeon-kyu Kim
Now at C: Miguel Rodríguez
Now at SS: Luis Serrano
Batting: LHB Aurelius Estrada 0-0: Swinging Strike
0-1: Foul Ball, location: 2F
0-2: Fly out, F9 (Flyball, 9S, EV 92.5 MPH)
Batting: RHB Nobuhisa Murakami 0-0: Ball
1-0: Called Strike
1-1: Fly out, F8 (Flyball, 89D, EV 91.9 MPH)
Batting: RHB Joe Mueller 0-0: Foul Ball, location: 2F
0-1: Called Strike
0-2: Strikes out looking
Bottom of the 9th over - 0 runs, 0 hits, 0 errors, 0 left on base; Hollywood 3 - St. Louis 2
Friday, April 17th, 2020 - OOTP Baseball 20.8 Build 74